 Dungeon Crawl Stone Soup version 0.29.0-4-gdea44cf6ec (webtiles) character file.

Game seed: 11175957893325892068

29 qw the Chopper (level 3, 0/21 HPs)
             Began as a Tengu Warper on Aug 28, 2022.
             Succumbed to their own poison gas
             ... on level 4 of the Dungeon.
             The game lasted 00:00:05 (1411 turns).

qw the Chopper (Tengu Warper)                       Turns: 1411, Time: 00:00:06

Health: 0/21       AC:  5    Str: 13    XL:     3   Next: 16%
Magic:  7/7        EV: 11    Int: 13    God:
Gold:   41         SH:  0    Dex: 13    Spells: 6/6 levels left

rFire   . . .      SeeInvis .   Y - +0 hand axe
rCold   . . .      Faith    .   (no shield)
rNeg    . . .      Spirit   .   h - +0 ring mail
rPois   .          Reflect  .   (helmet restricted)
rElec   .          Harm     .   (no cloak)
rCorr   .          Rampage  .   (no gloves)
Will    .....                   (boots unavailable)
Stlth   +.........              (no amulet)
HPRegen 0.07/turn               (no ring)
MPRegen 0.10/turn               (no ring)

@: lethally poisoned (0 -> -3)
A: beak, talons 3
a: no special abilities


You were on level 4 of the Dungeon.
You visited 1 branch of the dungeon, and saw 3 of its levels.

You collected 41 gold pieces.


Innate Abilities, Weirdness & Mutations

You have a beak for a mouth.
You have claws for feet.


   Skills:
 - Level 2.0 Fighting
 + Level 3.9 Axes
 - Level 1.0 Throwing
 - Level 1.1 Armour
 - Level 2.1 Dodging
 - Level 2.0 Spellcasting
 - Level 2.4 Translocations


You had 6 spell levels left.
You didn't know any spells.
Your spell library contained the following spells:

 Spells                   Type           Power      Damage    Failure   Level
 Blink                    Tloc           14%        N/A       30%         2
 Gell's Gravitas          Tloc           7%         N/A       52%         3
 Lesser Beckoning         Tloc           7%         N/A       52%         3
 Teleport Other           Tloc           7%         N/A       52%         3
 Manifold Assault         Tloc           7%         N/A       99%         5

Inventory:

Hand Weapons
 c - the +5 flail of Mandamus {protect, Drain Dex+4 SInv}
   (You found it on level 4 of the Dungeon)

   It grants its wielder temporary protection when it strikes (+7 to AC).
   Dex:       It affects your dexterity (+4).
   SInv:      It lets you see invisible.
   Drain:     It drains your maximum health when unequipped.
 Y - a +0 hand axe (weapon)
Armour
 h - a +0 ring mail (worn)
Potions
 d - a potion of flight {unknown}
 f - a potion of mutation {unknown}
 g - a potion of might {unknown}

Dungeon Overview and Level Annotations

Branches:
Dungeon (4/15)
 Temple: D:4-7

Altars:


Message History

The orc is almost dead.
The orc hits you with a +0 club.
You hit the orc.
You kill the orc!
You start resting.
HP restored.
Things that are here:
a +0 club; a +0 leather armour
c - the +5 flail of Mandamus {protect, Drain Dex+4 SInv}
1389 ||| DROPPING +0 club.
You drop a +0 club.
You now have 41 gold pieces (gained 11).
Found a stone staircase leading up.
1403 ||| READING scroll labelled DIMNODGH TIPNI.
The air fills with toxic fumes!
As you read the scroll labelled DIMNODGH TIPNI, it crumbles to dust.
It was a scroll of poison.
(D) Dungeon
Where to? (* - list waypoints, Enter - D:2, ? - help)
What level of the Dungeon? (default 1, ? - help) Sorry, I don't know how to get there.
Partly explored, can't reach some items and places.
1404 ||| Stepping randomly (stuck).
Really walk into that cloud of poison gas?
You are engulfed in poison gas.
You are lethally poisoned!
You feel very sick.
1405 ||| Stepping ~*~*~tactically~*~*~ (cloud).
You feel very sick.
There is a lethal amount of poison in your body!
You feel very sick.
There is a lethal amount of poison in your body!
You feel sick.
There is a lethal amount of poison in your body!
You feel sick.
There is a lethal amount of poison in your body!
You feel sick.
There is a lethal amount of poison in your body!
You feel sick.
There is a lethal amount of poison in your body!
You die...

... #0¤ #0# #¤#
#..¤¤¤ #.##¤#
####.##¤# #..#
#....##0# #..#
#....##@# #..#
#....##¤#
#..######....##¤##.#
##..##.........¤0¤..#
....##.......###¤####
...............¤¤¤.
.....#)).....###0###
...#.%..##...# #.#
.........#...# #.#


There were no monsters in sight!

Vanquished Creatures
  An adder (D:2)
  An orc (D:4)
  3 bats (D:1)
  2 endoplasms
  2 giant cockroaches
  A goblin (D:1)
  A hobgoblin (D:1)
  2 jackals (D:1)
  2 frilled lizards
  A kobold (D:1)
  2 rats
18 creatures vanquished.

Notes
Turn   | Place    | Note
-------+----------+-------------------------------------------
     0 | D:1      | qw the Tengu Warper began the quest for the Orb.
     0 | D:1      | Reached XP level 1. HP: 12/12 MP: 4/4
     0 | D:1      | 0 ||| qw: Version: 0.1-a-89-g26bdef1
     0 | D:1      | 0 ||| qw: Game counter: 941
     0 | D:1      | 0 ||| qw: Always use a shield: true
     0 | D:1      | 0 ||| qw: God list: Okawaru
     0 | D:1      | 0 ||| qw: Allow faded altars: false
     0 | D:1      | 0 ||| qw: Do Orc after D:15 true
     0 | D:1      | 0 ||| qw: Do second Lair branch before Depths: true
     0 | D:1      | 0 ||| qw: Lair rune preference: random
     0 | D:1      | 0 ||| qw: Plans: Normal
     0 | D:1      | 0 ||| PLANNING D:1-11
   618 | D:1      | Found a faded altar of an unknown god.
   631 | D:1      | Reached skill level 3 in Axes
   631 | D:1      | Reached XP level 2. HP: 14/17 MP: 6/6
  1244 | D:1      | 1244 ||| UPGRADING to +0 ring mail.
  1254 | D:1      | 1254 ||| DROPPING +0 leather armour.
  1255 | D:1      | 1255 ||| DROPPING scroll of blinking.
  1317 | D:2      | Reached XP level 3. HP: 21/21 MP: 7/7
  1320 | D:2      | You fall into a shaft and drop 2 floors!
  1387 | D:4      | Identified the +5 flail of Mandamus {protect, Drain Dex+4
                  | SInv}
  1389 | D:4      | 1389 ||| DROPPING +0 club.
  1403 | D:4      | 1403 ||| READING scroll labelled DIMNODGH TIPNI.
  1404 | D:4      | 1404 ||| Stepping randomly (stuck).
  1405 | D:4      | 1405 ||| Stepping ~*~*~tactically~*~*~ (cloud).
  1408 | D:4      | HP: 4/21 [poisoned by you (poison gas)]
  1410 | D:4      | HP: 1/21 [poisoned by you (poison gas)]
  1411 | D:4      | Succumbed to their own poison gas

Levels and vault maps discovered:
D:1:      minmay_arrival_five_plusses, layout_basic,
          shapermc_ecumenical_altar_mp_highgroup, serial_park_tiny_1
D:2:      layout_rooms, st_stairs_13
D:4:      wad_lake_hut, layout_basic, uniq_duvessa, uniq_natasha

Skill      XL: |  1 |
---------------+----+-----
Axes           | 3 |  3.9
Fighting       | |  2.0
Throwing       | |  1.0
Armour         | |  1.1
Dodging        | |  2.1
Spellcasting   | |  2.0
Translocations | |  2.4

Action                   || total
-------------------------++-------
Melee: Hand axe          ||    41
       Kick              ||    11
       Peck              ||     5
Throw: Boomerang         ||     7
  Use: Scroll            ||     1
Armor: Leather armour    ||     7
       Ring mail         ||     4
Dodge: Dodged            ||    16

Table legend:
 A = Non-vault XP
 B = Vault XP
 C = Vault XP percentage of total XP
 D = Non-vault monster count
 E = Vault monster count
 F = Vault count percentage of total count
                 A         B        C        D         E       F
            +---------+---------+-------+---------+---------+-------
      Total |      42 |       0 |   0.0 |      18 |       0 |   0.0
            +---------+---------+-------+---------+---------+-------
        D:1 |      20 |       0 |   0.0 |      12 |       0 |   0.0
        D:2 |      15 |       0 |   0.0 |       3 |       0 |   0.0
        D:4 |       7 |       0 |   0.0 |       3 |       0 |   0.0
            +---------+---------+-------+---------+---------+-------
